 Dungeon Crawl Stone Soup version 0.31-a0-145-g046c7d2549 (webtiles) character file.

Game seed: 874879307674243811

60 Pooter the Chopper (level 3, 0/51 HPs)
             Began as a Minotaur Berserker on June 4, 2023.
             Was a Believer of Trog.
             Slain by a goblin
             ... wielding a +0 dagger
             ... led by Robin
              (1 damage)
             ... on level 2 of the Dungeon.
             The game lasted 00:04:32 (1140 turns).

Pooter the Chopper (Minotaur Berserker)             Turns: 1140, Time: 00:04:32

Health: 0/51       AC:  2    Str: 23    XL:     3   Next: 82%
Magic:  2/2        EV: 12    Int:  4    God:    Trog [**....]
Gold:   37         SH:  0    Dex:  9    Spells: 2/2 levels left

rFire   . . .        a - +0 broad axe
rCold   . . .        (no shield)
rNeg    . . .        b - +0 animal skin
rPois   .            (helmet restricted)
rElec   .            (no cloak)
rCorr   .            (no gloves)
SInv    .            (no boots)
Will    ++...        (no amulet) Stlth
                     (no ring)
HPRegen 1.28/turn    (no ring)
MPRegen 0.08/turn

%: no passive effects
@: berserking (expiring), strong-willed, regenerating, very quick
A: horns 2, retaliatory headbutt
a: Renounce Religion, Berserk, Trog's Hand


You were on level 2 of the Dungeon.
You worshipped Trog.
Trog was pleased with you.
You visited 1 branch of the dungeon, and saw 2 of its levels.

You collected 37 gold pieces.

Inventory:

Hand Weapons
 a - a +0 broad axe (weapon)
   (You found it on level 1 of the Dungeon)
 j - a +0 trident
   (You took it off a hobgoblin on level 2 of the Dungeon)
Missiles
 Q - 20 stones (quivered)
Armour
 b - a +0 animal skin (worn)
Jewellery
 d - a +6 ring of intelligence
   (You found it on level 1 of the Dungeon)
Scrolls
 f - a scroll of amnesia {unknown}
 h - a scroll of immolation {unknown}
 i - a scroll of poison {unknown}
 k - a scroll of teleportation {unknown}
Potions
 c - a potion of brilliance {unknown}
 e - a potion of lignification {unknown}
 g - a potion of heal wounds {unknown}


   Skills:
 + Level 4.4 Fighting
 * Level 5.1 Axes
 - Level 2.4 Armour
 - Level 2.1 Dodging


You had 2 spell levels left.
You didn't know any spells.
Your spell library was empty.

Dungeon Overview and Level Annotations

Branches:
Dungeon (2/15)

Altars:

Annotations:
D:2 Robin


Innate Abilities, Weirdness & Mutations

You have a pair of horns on your head.
You reflexively headbutt those who attack you in melee.


Message History

You kill the hobgoblin!
Trog accepts your kill.
You closely miss the goblin. You barely miss the goblin.
The goblin hits you with a +0 dagger. x2
* * * LOW HITPOINT WARNING * * *
Robin says, "Kneel, worm!"
The goblin closely misses you. The goblin hits you but does no damage.
The goblin closely misses you.
Your skin crawls.
You feel strong-willed. The goblin hits you with a +0 dagger.
* * * LOW HITPOINT WARNING * * *
The goblin hits you with a +0 dagger.
* * * LOW HITPOINT WARNING * * *
The goblin barely misses you.
A red film seems to cover your vision as you go berserk!
You feel yourself moving faster!
You feel mighty! The goblin misses you. You furiously retaliate!
You headbutt the goblin!
You kill the goblin!
Trog accepts your kill. The goblin hits you but does no damage.
The goblin hits you with a +0 club.
* * * LOW HITPOINT WARNING * * *
You miss the goblin. Your headbutt misses the goblin. You slash the goblin!
You kill the goblin!
Trog accepts your kill.
You barely miss the goblin. You barely miss the goblin.
Your headbutt misses the goblin. You slice the goblin!!
You kill the goblin!
Trog accepts your kill.
A jackal comes into view.
The goblin misses you. Robin throws the goblin at you!
* * * LOW HITPOINT WARNING * * *
You slice the goblin!!
You kill the goblin!
Trog accepts your kill.
You slice the goblin!!
You kill the goblin!
Trog accepts your kill.
You completely miss the goblin. The goblin hits you with a +0 dagger.
* * * LOW HITPOINT WARNING * * *
Robin throws the goblin at you!
* * * LOW HITPOINT WARNING * * *
You barely miss the hobgoblin. You closely miss the goblin. x2
The hobgoblin hits you.
* * * LOW HITPOINT WARNING * * *
The goblin hits you with a +0 club.
* * * LOW HITPOINT WARNING * * *
The goblin hits you with a +0 dagger.
You die...

# . .# .. ###.#
.[#.# #$..
.....g####.#######
...hggg@g.........
.>...hg###.######
....##. #.# ... ..
#.# # .##
#.####### ..
#†......# ##
#...)<..# #.
#.......# #.##
#.......#


You could see Robin, 2 jackals, a hobgoblin (strong) and 4 goblins.

Vanquished Creatures
  A dart slug (D:1)
  4 ball pythons (D:1)
  4 bats
  4 endoplasms
  A giant cockroach (D:1)
  10 goblins
  3 hobgoblins
  7 jackals
  5 kobolds
  2 quokkas (D:1)
  6 rats (D:1)
47 creatures vanquished.

Notes
Turn   | Place    | Note
-------+----------+-------------------------------------------
     0 | D:1      | Pooter the Minotaur Berserker began the quest for the Orb.
     0 | D:1      | Reached XP level 1. HP: 19/19 MP: 0/0
   174 | D:1      | Reached skill level 4 in Axes
   179 | D:1      | Reached XP level 2. HP: 8/27 MP: 1/1
   555 | D:1      | Reached ** piety under Trog
   557 | D:1      | Reached XP level 3. HP: 32/33 MP: 2/2
  1038 | D:2      | Reached skill level 5 in Axes
  1131 | D:2      | Noticed Robin
  1140 | D:2      | HP: 1/51 [goblin/+0 club[Robin] (2)]
  1140 | D:2      | Slain by a goblin

Illustrated notes

Levels and vault maps discovered:
D:1:      onia_arrival_handbag, layout_loops_corners
D:2:      layout_basic, basic_altar, cheibrodos_gnoll_hut, uniq_robin,
          uniq_sigmund

Skill      XL: |  1  2  3 |
---------------+----------+-----
Axes           | 4 5 |  5.1
Fighting       | 4 |  4.4
Armour         | |  2.4
Dodging        | |  2.1

Action                     || total
---------------------------++-------
  Melee: Hand axe          ||    46
         Headbutt          ||     8
         Broad axe         ||    23
 Invoke: Berserk           ||     2
         Trog's Hand       ||     1
 Armour: Animal skin       ||    13
  Dodge: Dodged            ||    48

Table legend: (Time is in decaauts)
 A = Elapsed time spent in this place.
 B = Non-inter-level travel time spent in this place.
 C = Inter-level travel time spent in this place.
 D = Time resting spent in this place.
 E = Time spent auto-exploring this place.
 F = Levels seen in this place.
 G = Mean time per level.
                   A        B        C        D        E       F      G
               +--------+--------+--------+--------+--------+-----+--------+
         Total |   1162 |   1142 |     20 |    148 |    782 |   2 |  581.0 |
       Dungeon |   1162 |   1142 |     20 |    148 |    782 |   2 |  581.0 |
               +--------+--------+--------+--------+--------+-----+--------+

Top non-repeatable levels by time:
     D:1: 1037 daAuts
     D:2: 125 daAuts
